 Dungeon Crawl Stone Soup version 0.24.0-37-gcf1ca852f1 (webtiles) character file.

Game seed: 8469641800444832646, levelgen mode: deterministic

18746 FishyPogo the Thaumaturge (level 12, -8/94 HPs)
             Began as a Gnoll Skald on Nov 30, 2019.
             Was the Champion of Makhleb.
             Killed from afar by a deep troll earth mage (17 damage)
             ... with a blast of rock fragments
             ... on level 11 of the Dungeon.
             The game lasted 01:03:26 (9363 turns).

FishyPogo the Thaumaturge (Gnoll Skald)             Turns: 9363, Time: 01:03:27

Health: -8/94      AC: 10    Str: 19    XL:     12   Next: 61%
Magic:  19/25      EV: 18    Int: 16    God:    Makhleb [******]
Gold:   453        SH:  0    Dex: 17    Spells: 15/29 levels left

rFire    . . .     SeeInvis +   a - +7 battleaxe
rCold    . . .     Gourm    .   (shield currently unavailable)
rNeg     + . .     Faith    .   i - +1 robe "Ynuevifud" {rPois rN+ MR+ rCorr}
rPois    +         Spirit   .   D - +1 helmet
rElec    .         Reflect  .   G - +0 cloak
rCorr    +         Harm     .   j - +0 pair of gloves
MR       +....                  m - +0 pair of boots
Stlth    ++++......             y - amulet of regeneration
HPRegen  1.65/turn              f - ring of see invisible
MPRegen  0.19/turn              E - +3 ring of strength

@: regenerating (expiring)
A: distributed training, fangs 1, strong nose
a: Minor Destruction, Lesser Servant of Makhleb, Major Destruction, Greater
Servant of Makhleb, Renounce Religion


You were on level 11 of the Dungeon.
You worshipped Makhleb.
Makhleb was exalted by your worship.
You were not hungry.

You visited 1 branch of the dungeon, and saw 11 of its levels.
You also visited: Ossuary.

You collected 709 gold pieces.
You spent 256 gold pieces at shops.

Inventory:

Hand Weapons
 a - a +7 battleaxe (weapon)
 b - the +7 sceptre of Torment {pain, torment}
   (You found it on level 9 of the Dungeon)

   In the hands of one skilled in necromantic magic, it inflicts extra damage on
   living creatures.
Missiles
 k - 6 silver javelins
 l - 336 stones
 r - 4 poisoned darts (quivered)
 A - 7 javelins
 B - 18 boomerangs
Armour
 i - the +1 robe "Ynuevifud" (worn) {rPois rN+ MR+ rCorr}
   (You bought it in a shop on level 9 of the Dungeon)

   It protects you from poison.
   It protects you from negative energy.
   It affects your resistance to hostile enchantments.
   It provides partial protection from all sources of acid and corrosion.
 j - a +0 pair of gloves (worn)
 m - a +0 pair of boots (worn)
 w - a +0 robe of cold resistance
 C - a +2 scale mail of magic resistance
 D - a +1 helmet (worn)
 G - a +0 cloak (worn)
 L - a +0 ring mail of fire resistance
 P - a +1 robe of resistance
Magical Staves
 H - an uncursed staff of cold
Jewellery
 f - a ring of see invisible (left hand)
 y - an amulet of regeneration (around neck)
 E - a +3 ring of strength (right hand)
 J - an uncursed ring of protection from magic
 M - a +4 ring of intelligence
Wands
 z - a wand of iceblast (6)
 R - a wand of enslavement (8)
 S - a wand of paralysis (8)
Scrolls
 c - 14 scrolls of identify {unknown}
 h - 10 scrolls of teleportation {unknown}
 n - a scroll of blinking
 q - 2 scrolls of magic mapping
 s - 3 scrolls of enchant weapon
 u - a scroll of amnesia
 x - 2 scrolls of noise {unknown}
 I - 3 scrolls of enchant armour {unknown}
 K - 7 scrolls of remove curse
 N - a scroll of immolation {unknown}
 O - 2 scrolls of brand weapon {unknown}
 T - a scroll of random uselessness {unknown}
 V - a scroll of holy word {unknown}
Potions
 e - 4 potions of agility {unknown}
 g - 13 potions of curing
 o - 4 potions of flight
 p - a potion of resistance
 t - a potion of ambrosia
 v - a potion of lignification
 F - a potion of might
 Q - 2 potions of cancellation {unknown}
 U - 2 potions of heal wounds
Comestibles
 d - 22 rations
 W - 15 chunks of flesh


   Skills:
 + Level 8.7 Fighting
 + Level 7.3 Short Blades
 + Level 7.3 Long Blades
 + Level 7.3 Axes
 + Level 7.3 Maces & Flails
 + Level 8.7 Polearms
 + Level 7.3 Staves
 + Level 7.3 Slings
 + Level 7.3 Bows
 + Level 7.3 Crossbows
 + Level 7.3 Throwing
 + Level 7.8 Armour
 + Level 8.7 Dodging
 + Level 7.3 Stealth
 + Level 7.3 Shields
 + Level 7.3 Unarmed Combat
 + Level 9.0 Spellcasting
 + Level 6.1 Conjurations
 + Level 6.1 Hexes
 + Level 8.3 Charms
 + Level 6.1 Summonings
 + Level 6.1 Necromancy
 + Level 6.1 Translocations
 + Level 6.1 Transmutations
 + Level 6.1 Fire Magic
 + Level 6.1 Ice Magic
 + Level 6.1 Air Magic
 + Level 6.1 Earth Magic
 + Level 6.1 Poison Magic
 + Level 8.0 Invocations
 + Level 7.3 Evocations


You had 15 spell levels left.
You knew the following spells:

 Your Spells              Type           Power        Failure   Level  Hunger
h - Regeneration          Chrm/Necr      ####......   1%          3    #......
j - Spectral Weapon       Hex/Chrm       ####....     1%          3    #......
p - Shroud of Golubria    Chrm/Tloc      ####..       1%          2    None
s - Song of Slaying       Chrm           ####....     1%          2    None
u - Spider Form           Tmut/Pois      ####......   2%          3    #......
y - Infusion              Chrm           ####         1%          1    None

Your spell library contained the following spells:

 Spells                   Type           Power        Failure   Level  Hunger
 Beastly Appendage        Tmut           ####..       1%          1    None
 Confusing Touch          Hex            ####..       1%          1    None
 Sticks to Snakes         Tmut           ####....     1%          2    None
 Swiftness                Chrm/Air       ####....     1%          2    None
 Confuse                  Hex            ####....     2%          3    #......
 Gell's Gravitas          Tloc           ####......   2%          3    #......
 Ice Form                 Ice/Tmut       ####....     9%          4    ###....
 Petrify                  Tmut/Erth      ####....     9%          4    ###....
 Blade Hands              Tmut           ####......   22%         5    #####..
 Lightning Bolt           Conj/Air       ####......   22%         5    #####..
 Metabolic Englaciation   Hex/Ice        ####......   22%         5    #####..
 Silence                  Hex/Air        ####......   22%         5    #####..
 Yara's Violent Unravell  Hex/Tmut       ####......   22%         5    #####..


Dungeon Overview and Level Annotations

Branches:
Dungeon (11/15)            Temple (0/1) D:4            Lair (0/6) D:11
    Orc (0/2) D:11        Ossuary (visited)

Altars:
Ashenzari
Elyvilon
Makhleb
Nemelex Xobeh
Ru
Sif Muna
Trog
Uskayaw
Vehumet
Wu Jian
Xom

Shops:
D:5 :   D:6 (   D:8 !   D:9 *   D:10 =


Innate Abilities, Weirdness & Mutations

Your experience applies equally to all skills.
You have very sharp teeth.
Your uncanny sense of smell can sniff out nearby items.


Message History

The deep troll earth mage claws you. x2
You hit the deep troll earth mage but do no damage.
You bite the deep troll earth mage, but do no damage.
Your spectral weapon hits the deep troll earth mage!
The deep troll earth mage bites you!! The deep troll earth mage claws you! x2
Something unseen opens the door.
You hear a shout!
A demon appears!
Your skin is crawling a little less now.
The deep troll earth mage bites you!
* * * LOW HITPOINT WARNING * * *
The deep troll earth mage claws you.
* * * LOW HITPOINT WARNING * * *
The deep troll earth mage barely misses you.
An orc priest comes into view.
It is wielding a +2 short sword of flaming.
The deep troll earth mage points at your cacodemon and mumbles some strange words.
The wall shatters!
The blast of rock fragments hits your cacodemon but does no damage.
The blast of rock fragments hits you!
You die...

..........# .(. ##### ...###.##.#
..########## ..... ..## #.##.#
..#..#..#.[# #### .##
#.##.###..#..'..'..# # .#
##.[.......##'####'##∆ .#
#........#.#.8#∆∆#..#..# +#
#.###.##.#.#8.# ∆#..#.[ # #.
#.##.#.##2##o#'##.. ## ...##.#
#......#@(TW.#..#.# ##. ....#.#
##.#...#..#..#..#.# ##..
......###....#.########'#.####...
.............................+...
.................#........####...
....####.#.#.###.#.##.#.....###..
...# #.###.# #.#.##.#.###.# ##.
).# # #. #.#.##...# #.# ## )## #
#.#.####.###.#####


You could see a phantasmal warrior, a deep troll earth mage, an orc priest, a
friendly cacodemon and a friendly spectral +7 battleaxe.

Vanquished Creatures
  Josephine (D:10)
  4 two-headed ogres
  Urug (D:11)
  An unseen horror (D:10)
  A flayed ghost (D:9)
  A faun (shapeshifter) (D:11)
  An ugly thing (D:11)
  A gargoyle (D:10)
  2 trolls (D:10)
  2 hornets (D:9)
  4 slime creatures (D:11)
  8 wraiths
  16 fire bats (D:9)
  4 yaks (D:11)
  4 vampire mosquitoes (D:8)
  3 hungry ghosts
  An acid dragon (D:11)
  A soldier ant (D:9)
  3 water moccasins
  2 sky beasts
  2 orc warriors
  5 ice beasts
  2 phantoms
  A necrophage (D:7)
  5 ogres
  12 centaurs
  2 crocodiles
  A big kobold (D:11)
  8 bullfrogs
  Blork the orc (D:6)
  A wyvern skeleton (D:8)
  A scorpion (D:8)
  4 wights (D:9)
  3 howler monkeys (D:7)
  4 crimson imps
  7 hounds
  A quasit (D:10)
  A bullfrog zombie (D:6)
  A centaur skeleton (D:8)
  A centaur zombie (D:11)
  5 gnoll shamans (D:3)
  3 orc priests
  2 bullfrog skeletons
  3 jellies
  An iguana (D:7)
  6 orc wizards
  9 worker ants
  3 big kobold zombies (Ossuary)
  2 hound skeletons
  2 mummies (Ossuary)
  A worker ant zombie (D:9)
  Robin (D:4)
  39 gnolls
  12 adders
  3 shadow imps
  3 oozes
  3 adder skeletons
  9 adder zombies
  4 worms
  5 dart slugs
  4 leopard geckos
  22 orcs
  5 giant cockroaches
  4 gnoll zombies (Ossuary)
  7 hobgoblins
  28 jackals
  7 quokkas
  3 ball pythons
  84 bats
  3 frilled lizards
  19 goblins
  A hobgoblin zombie (Ossuary)
  12 kobolds
  5 kobold zombies (Ossuary)
  2 leopard gecko skeletons (D:8)
  6 orc zombies (Ossuary)
  7 rats
  2 butterflies (D:4)
461 creatures vanquished.

Vanquished Creatures (collateral kills)
  A wraith (D:10)
1 creature vanquished.

Vanquished Creatures (others)
  6 spectral weapons
6 creatures vanquished.

Grand Total: 468 creatures vanquished

Notes
Turn   | Place    | Note
-------+----------+-------------------------------------------
     0 | D:1      | FishyPogo the Gnoll Skald began the quest for the Orb.
     0 | D:1      | Reached XP level 1. HP: 20/20 MP: 6/6
   116 | D:1      | Reached XP level 2. HP: 26/26 MP: 7/7
   619 | D:2      | Reached XP level 3. HP: 31/31 MP: 9/9
   648 | D:2      | Reached skill level 5 in Spellcasting
   674 | D:2      | Reached skill level 1 in Invocations
   788 | D:2      | Reached skill level 1 in Short Blades
   788 | D:2      | Reached skill level 1 in Long Blades
   788 | D:2      | Reached skill level 1 in Axes
   788 | D:2      | Reached skill level 1 in Maces & Flails
   788 | D:2      | Reached skill level 1 in Staves
   788 | D:2      | Reached skill level 1 in Slings
   788 | D:2      | Reached skill level 1 in Bows
   788 | D:2      | Reached skill level 1 in Crossbows
   788 | D:2      | Reached skill level 1 in Throwing
   788 | D:2      | Reached skill level 1 in Stealth
   788 | D:2      | Reached skill level 1 in Shields
   788 | D:2      | Reached skill level 1 in Unarmed Combat
   788 | D:2      | Reached skill level 1 in Evocations
   835 | D:2      | Reached XP level 4. HP: 38/38 MP: 7/11
   839 | D:2      | Learned a level 2 spell: Song of Slaying
   842 | D:2      | Learned a level 2 spell: Shroud of Golubria
   846 | D:2      | Learned a level 3 spell: Regeneration
   850 | D:2      | Learned a level 3 spell: Spectral Weapon
  1190 | D:2      | Reached skill level 1 in Conjurations
  1190 | D:2      | Reached skill level 1 in Hexes
  1190 | D:2      | Reached skill level 1 in Summonings
  1190 | D:2      | Reached skill level 1 in Necromancy
  1190 | D:2      | Reached skill level 1 in Translocations
  1190 | D:2      | Reached skill level 1 in Transmutations
  1190 | D:2      | Reached skill level 1 in Fire Magic
  1190 | D:2      | Reached skill level 1 in Ice Magic
  1190 | D:2      | Reached skill level 1 in Air Magic
  1190 | D:2      | Reached skill level 1 in Earth Magic
  1190 | D:2      | Reached skill level 1 in Poison Magic
  1298 | D:3      | Reached XP level 5. HP: 35/43 MP: 9/12
  1548 | D:3      | Found a faded altar of an unknown god.
  1553 | D:3      | Became a worshipper of Makhleb the Destroyer
  1553 | D:3      | Reached * piety under Makhleb
  1571 | D:3      | Noticed an ice beast
  1741 | D:4      | Reached XP level 6. HP: 43/50 MP: 10/13
  1815 | D:4      | Found a staircase to the Ecumenical Temple.
  1965 | D:3      | Reached skill level 5 in Fighting
  1965 | D:3      | Reached skill level 5 in Polearms
  1965 | D:3      | Reached skill level 5 in Dodging
  2078 | D:3      | Reached ** piety under Makhleb
  2078 | D:3      | Reached XP level 7. HP: 29/56 MP: 4/15
  2844 | D:3      | Reached XP level 8. HP: 60/63 MP: 9/16
  2879 | D:3      | Found a sacrificial altar of Ru.
  2879 | D:3      | Found a radiant altar of Vehumet.
  2880 | D:3      | Found a white marble altar of Elyvilon.
  3603 | D:4      | Noticed Robin
  3605 | D:4      | Reached *** piety under Makhleb
  3622 | D:4      | Killed Robin
  3809 | D:5      | Entered Level 5 of the Dungeon
  3922 | D:5      | Learned a level 3 spell: Spider Form
  4054 | D:5      | Found Xausugaw's Book Shop.
  4069 | D:5      | Reached skill level 6 in Spellcasting
  4360 | D:5      | Found a sparkling altar of Nemelex Xobeh.
  4633 | D:6      | Reached **** piety under Makhleb
  4645 | D:6      | Noticed Blork the orc
  4659 | D:6      | Killed Blork the orc
  4686 | D:6      | Got a jewelled mace
  4687 | D:6      | Identified the cursed +1 mace of the Salmon {freeze, MR+
                  | Str+7 Int+4} (You found it on level 6 of the Dungeon)
  4815 | D:6      | Reached XP level 9. HP: 69/69 MP: 9/18
  4879 | D:6      | Found Amutemn's Antique Weapon Emporium.
  4960 | D:6      | Noticed a two-headed ogre
  4967 | D:6      | Killed a two-headed ogre
  4967 | D:6      | Reached skill level 5 in Armour
  5185 | D:6      | Found a shimmering blue altar of Sif Muna.
  5345 | D:7      | Reached skill level 5 in Invocations
  5359 | D:7      | Found a sand-covered staircase.
  5366 | Ossuary  | Entered an ossuary
  5498 | Ossuary  | Reached ***** piety under Makhleb
  5639 | D:7      | Reached XP level 10. HP: 71/77 MP: 11/20
  5644 | D:7      | Reached skill level 7 in Spellcasting
  6039 | D:8      | Found Syasail's Distillery.
  6047 | D:8      | Bought a potion of degeneration for 14 gold pieces
  6047 | D:8      | Bought a potion of curing for 42 gold pieces
  6079 | D:8      | Noticed a two-headed ogre
  6087 | D:8      | Killed a two-headed ogre
  6087 | D:8      | Reached skill level 5 in Short Blades
  6087 | D:8      | Reached skill level 5 in Long Blades
  6087 | D:8      | Reached skill level 5 in Axes
  6087 | D:8      | Reached skill level 5 in Maces & Flails
  6087 | D:8      | Reached skill level 5 in Staves
  6087 | D:8      | Reached skill level 5 in Slings
  6087 | D:8      | Reached skill level 5 in Bows
  6087 | D:8      | Reached skill level 5 in Crossbows
  6087 | D:8      | Reached skill level 5 in Throwing
  6087 | D:8      | Reached skill level 5 in Stealth
  6087 | D:8      | Reached skill level 5 in Shields
  6087 | D:8      | Reached skill level 5 in Unarmed Combat
  6087 | D:8      | Reached skill level 5 in Evocations
  6770 | D:9      | Found Deng's Assorted Antiques.
  6795 | D:9      | Bought an opalescent robe for 176 gold pieces
  6817 | D:9      | Identified the cursed +1 robe "Ynuevifud" {rPois rN+ MR+
                  | rCorr} (You bought it in a shop on level 9 of the Dungeon)
  7392 | D:9      | Reached XP level 11. HP: 84/84 MP: 9/22
  7541 | D:9      | Reached skill level 5 in Conjurations
  7541 | D:9      | Reached skill level 5 in Hexes
  7541 | D:9      | Reached skill level 5 in Summonings
  7541 | D:9      | Reached skill level 5 in Necromancy
  7541 | D:9      | Reached skill level 5 in Translocations
  7541 | D:9      | Reached skill level 5 in Transmutations
  7541 | D:9      | Reached skill level 5 in Fire Magic
  7541 | D:9      | Reached skill level 5 in Ice Magic
  7541 | D:9      | Reached skill level 5 in Air Magic
  7541 | D:9      | Reached skill level 5 in Earth Magic
  7541 | D:9      | Reached skill level 5 in Poison Magic
  7581 | D:9      | Reached ****** piety under Makhleb
  7589 | D:9      | Found a shattered altar of Ashenzari.
  7607 | D:9      | Reached skill level 8 in Spellcasting
  7656 | D:9      | Found an ornate altar of the Wu Jian Council.
  7684 | D:9      | Found a hide-covered altar of Uskayaw.
  7686 | D:9      | Found a runed translucent door.
  7708 | D:9      | Noticed a flayed ghost
  7717 | D:9      | Found a radiant altar of Vehumet.
  7742 | D:9      | Found a shimmering altar of Xom.
  7755 | D:9      | Found a burning altar of Makhleb.
  7832 | D:9      | Found the +7 sceptre of Torment {pain, torment}
  7846 | D:9      | Killed a flayed ghost
  8058 | D:10     | Entered Level 10 of the Dungeon
  8068 | D:10     | Found Hotul's Jewellery Boutique.
  8074 | D:10     | Bought a cursed amulet of inaccuracy for 24 gold pieces
  8102 | D:10     | Noticed an unseen horror
  8145 | D:10     | Identified the Tome of Fetching Weightlessness
  8150 | D:10     | Found a bloodstained altar of Trog.
  8302 | D:10     | Noticed Josephine
  8340 | D:10     | Killed Josephine
  8404 | D:10     | Noticed a two-headed ogre
  8413 | D:10     | Killed a two-headed ogre
  8413 | D:10     | Reached XP level 12. HP: 93/93 MP: 12/24
  8868 | D:11     | Noticed a two-headed ogre
  8879 | D:11     | Killed a two-headed ogre
  8958 | D:11     | Found a staircase to the Lair.
  9097 | D:11     | Found a staircase to the Orcish Mines.
  9135 | D:11     | Noticed Urug
  9156 | D:11     | Killed Urug
  9322 | D:11     | Found a runed translucent door.
  9354 | D:11     | Reached skill level 9 in Spellcasting
  9356 | D:11     | Noticed a deep troll earth mage
  9363 | D:11     | Killed from afar by a deep troll earth mage

Levels and vault maps discovered:
D:1:      lightli_arrival_isolated_outpost, layout_basic
D:2:      minmay_recursive_quarters, layout_loops_cross
D:3:      lemuel_castle_with_subvaults [lemuel_castle_interior_carwin_3],
          layout_basic, gammafunk_temple_overflow_forgotten,
          chequers_ecumenical_altar_grove
D:4:      kennysheep_goblin_castle, layout_basic,
          minmay_temple_entry_butterflies
D:5:      layout_basic, first_ration, serial_shops, shop, nemelex_altar_shiori
D:6:      minmay_spotlight, layout_basic, lemuel_coloured_pillars_altar,
          serial_shops, nicolae_shop_overgrown_old_shop, uniq_blork_the_orc
D:7:      layout_rooms, chequers_ossuary_entry_cave
D:8:      layout_basic, serial_shops, shop
D:9:      due_megacathedral, layout_basic, serial_shops, shop_statue,
          hangedman_pestilent_swarm
D:10:     layout_loops_ring, basic_altar, serial_shops, shop, uniq_josephine
D:11:     dragon1_lemuel, layout_loops_corners, lair_entry_dummy, orc_0_dummy,
          minivault_13, uniq_urug

Skill      XL: |  1  2  3  4  5  6  7  8  9 10 11 12 |
---------------+-------------------------------------+-----
Spellcasting   | 5 6 7 8 9 |  9.0
Invocations    | 1 2 3 4 5 6 7 8 |  8.0
Short Blades   | 1 2 3 4 5 6 7 |  7.3
Long Blades    | 1 2 3 4 5 6 7 |  7.3
Axes           | 1 2 3 4 5 6 7 |  7.3
Maces & Flails | 1 2 3 4 5 6 7 |  7.3
Staves         | 1 2 3 4 5 6 7 |  7.3
Slings         | 1 2 3 4 5 6 7 |  7.3
Bows           | 1 2 3 4 5 6 7 |  7.3
Crossbows      | 1 2 3 4 5 6 7 |  7.3
Throwing       | 1 2 3 4 5 6 7 |  7.3
Stealth        | 1 2 3 4 5 6 7 |  7.3
Shields        | 1 2 3 4 5 6 7 |  7.3
Unarmed Combat | 1 2 3 4 5 6 7 |  7.3
Evocations     | 1 2 3 4 5 6 7 |  7.3
Conjurations   | 1 2 3 4 5 6 |  6.1
Hexes          | 1 2 3 4 5 6 |  6.1
Summonings     | 1 2 3 4 5 6 |  6.1
Necromancy     | 1 2 3 4 5 6 |  6.1
Translocations | 1 2 3 4 5 6 |  6.1
Transmutations | 1 2 3 4 5 6 |  6.1
Fire Magic     | 1 2 3 4 5 6 |  6.1
Ice Magic      | 1 2 3 4 5 6 |  6.1
Air Magic      | 1 2 3 4 5 6 |  6.1
Earth Magic    | 1 2 3 4 5 6 |  6.1
Poison Magic   | 1 2 3 4 5 6 |  6.1
Armour         | 3 4 5 6 7 |  7.8
Fighting       | 5 6 7 8 |  8.7
Polearms       | 5 6 7 8 |  8.7
Dodging        | 5 6 7 8 |  8.7
Charms         | 6 7 8 |  8.3

Action                   |  1- 3 |  4- 6 |  7- 9 | 10-12 || total
-------------------------+-------+-------+-------+-------++-------
Melee: Spear             |   104 |   195 |   256 |       ||   555
       Bite              |     6 |    16 |    56 |    62 ||   140
       Punch             |       |     1 |    11 |     7 ||    19
       Staff             |       |       |    18 |       ||    18
       Mace              |       |       |   150 |   150 ||   300
       Unarmed           |       |       |       |    69 ||    69
       Long sword        |       |       |       |    13 ||    13
       Battleaxe         |       |       |       |   298 ||   298
       Eveningstar       |       |       |       |    39 ||    39
Throw: Stone             |       |     2 |       |       ||     2
       Dart              |       |       |       |    12 ||    12
       Javelin           |       |       |       |     6 ||     6
       Boomerang         |       |       |       |    10 ||    10
 Cast: Infusion          |     4 |    12 |    14 |    15 ||    45
       Spectral Weapon   |       |     8 |    33 |    44 ||    85
       Regeneration      |       |     2 |     2 |     4 ||     8
       Song of Slaying   |       |       |     2 |     8 ||    10
       Shroud of Golubri |       |       |     1 |     8 ||     9
       Spider Form       |       |       |     1 |     3 ||     4
Invok: Minor Destruction |       |       |     4 |    13 ||    17
       Lesser Servant of |       |       |       |     1 ||     1
       Major Destruction |       |       |       |     1 ||     1
       Greater Servant o |       |       |       |     1 ||     1
 Abil: End Transformatio |       |       |     1 |       ||     1
  Use: Potion            |       |       |       |     7 ||     7
       Scroll            |       |       |       |     6 ||     6
 Stab: Sleeping          |     3 |     3 |     4 |    14 ||    24
       Distracted        |       |       |     4 |     3 ||     7
  Eat: Chunk             |       |     5 |    14 |    13 ||    32
       Ration            |       |       |       |     1 ||     1
Armor: Leather armour    |    13 |    28 |    45 |     9 ||    95
       Ring mail         |       |       |    55 |    19 ||    74
       Skin              |       |       |       |    13 ||    13
       Robe              |       |       |       |   110 ||   110
Dodge: Dodged            |    45 |    86 |   309 |   559 ||   999
       Rpst.: Long sword |       |       |       |     1 ||     1
